Map: Lost and Found LE

Players

Lillekanin - Winner!

  • Race: Terran Terran
  • Spawn Location: 1:00

DnS

  • Race: Protoss Protoss
  • Spawn Location: 7:00

Event: WCS Valencia 2018

VOD

Have the link to the VOD?

Description

Time

  • Played on: July 12, 2018, 7:38 a.m.
  • Length: 10:03

All games in this series

Show
View Real Time Build Order
Export as new Build Order

Lillekanin Terran - Winner!

Build Orders: Cyclone Opening, MMM Bio 

Get SALT Encoding   

  12  0:00  SCV  
  13  0:13  SCV  
  14  0:19  Supply Depot  
  14  0:25  SCV  
  15  0:30  Refinery  
  15  0:41  SCV  
  16  0:48  Barracks  
  16  0:53  SCV  
  17  1:01  Refinery  
  17  1:05  SCV  
  18  1:17  SCV  
  20  1:35  Factory  
  20  1:38  Barracks Reactor  
  20  1:39  Orbital Command  
  19  1:50  Supply Depot  
  19  2:05  SCV  
  20  2:17  SCV  
  21  2:24  Cyclone x2  
  27  2:30  Supply Depot  
  27  2:31  SCV  
  28  2:43  SCV  
  29  2:45  Barracks Tech Lab  
  29  2:56  Cyclone  
  31  3:03  SCV  
  31  3:05  Marine  
  33  3:06  Starport  
  33  3:11  Supply Depot  
  33  3:15  SCV  
  34  3:27  SCV  
  35  3:40  Siege Tank, Marine x2  
  40  3:44  Barracks  
  40  3:46  Medivac  
  42  4:00  Marine x2  
  44  4:03  Engineering Bay  
  44  4:06  Supply Depot  
  43  4:18  Marine  
  43  4:19  Siege Tank  
  43  4:20  Marine  
  45  4:29  Missile Turret  
  45  4:32  Barracks Tech Lab  
  45  4:36  Marine  
  45  4:38  Marine  
  44  4:51  Medivac  
  44  4:52  Stimpack  
  46  4:54  Marine  
  46  4:55  Marine  
  46  4:56  Marine  
  49  5:07  Siege Tank  
  49  5:12  Marine  
  49  5:13  Marine  
  54  5:15  Supply Depot  
  54  5:16  Marine  
  54  5:20  Supply Depot  
  55  5:26  Missile Turret  
  55  5:36  Marine x3  
  55  5:37  SCV  
  55  5:40  Starport Tech Lab  
  59  5:48  Terran Infantry Weapons Level 1  
  59  5:53  Siege Tank  
  62  5:58  Marine  
  62  6:01  Marine  
  64  6:07  Supply Depot  
  64  6:15  Marine  
  64  6:16  Marine  
  66  6:22  Marine  
  67  6:31  Missile Turret  
  67  6:34  Marine  
  68  6:40  Medivac  
  68  6:43  Marine  
  71  6:47  Marine  
  71  6:53  Combat Shields  
  74  6:54  Widow Mine  
  74  6:58  Marine  
  75  7:01  Marine  
  75  7:05  Marine  
  77  7:13  Raven  
  79  7:20  Supply Depot  
  79  7:41  Marine x3, Siege Tank  
  85  7:48  Supply Depot  
  85  7:59  Marine x2  
  87  8:09  Marine  
  87  8:10  Medivac  
  90  8:17  Marine x2  
  92  8:27  Siege Tank  
  95  8:47  Supply Depot  
  95  9:08  Marine x3  
  95  9:09  Medivac  
  100  9:26  Supply Depot, Marine x3  
  100  9:28  Supply Depot  
Show
View Real Time Build Order
Export as new Build Order

DnS Protoss 

Build Orders: Oracle Opening 

Get SALT Encoding   

  12  0:01  Probe  
  13  0:13  Probe  
  14  0:18  Pylon  
  14  0:25  Probe  
  15  0:33  Probe  
  15  0:37  Gateway  
  15  0:41  Probe  
  16  0:46  Assimilator  
  17  0:51  Probe  
  18  1:03  Probe  
  19  1:15  Probe  
  20  1:23  Pylon  
  20  1:24  Assimilator  
  20  1:25  Cybernetics Core, Zealot  
  22  1:28  Probe  
  23  1:41  Probe  
  24  1:52  Adept  
  24  1:53  Probe  
  25  2:04  Shield Battery  
  25  2:05  Probe  
  25  2:08  Stargate  
  28  2:15  Shield Battery  
  28  2:19  Stalker  
  28  2:20  Probe  
  31  2:31  Pylon  
  31  2:41  Warp Gate  
  31  2:45  Oracle  
  34  3:02  Shield Battery  
  34  3:03  Stalker  
  36  3:17  Pylon  
  36  3:27  Void Ray  
  36  3:33  Gateway  
  36  3:40  Stalker  
  41  3:45  Gateway  
  41  3:51  Probe  
  42  4:07  Oracle  
  42  4:09  Gateway  
  42  4:11  Gateway  
  43  4:28  Pylon  
  43  4:31  Pylon  
  43  4:46  Void Ray  
  43  4:48  Stalker  
  48  4:59  Pylon  
  49  5:07  Adept x2  
  53  5:14  Adept  
  55  5:28  Adept x2  
  59  5:36  Void Ray  
  59  5:40  Pylon  
  63  5:51  Adept x3  
  63  5:54  Pylon  
  69  6:15  Adept x3  
  73  6:25  Pylon  
  73  6:35  Adept  
  73  6:36  Adept x2  
  79  7:02  Adept x3  
  79  7:05  Pylon  
  85  7:24  Adept x3  
  91  7:45  Sentry x2, Adept  
  97  8:01  Nexus  
  97  8:21  Adept x2  
  97  8:25  Pylon  
  101  8:46  Adept x2  
  102  8:58  Adept  
  104  9:10  Adept  
  104  9:15  Adept  
  108  9:23  Adept  
  110  9:33  Adept  
  110  9:34  Adept  
  70  9:59  Adept x3  
Tags
 
Add a new tag
Caveats
  • Supply blocks, unpowered buildings, or Contaminate may cause inaccurate times.
  • Supply counts are checked every 10 seconds.